Philadelphia Flyers vs Tampa Bay Lightning
Created - Wednesday, October 1, 2025 at 07:49
Goals
|
| Philadelphia Flyers |
1 |
1 |
0 |
0 |
1 |
3 |
| Tampa Bay Lightning |
1 |
1 |
0 |
0 |
0 |
2 |
|
Shots
|
| Philadelphia Flyers |
9 |
14 |
9 |
0 |
3 |
32 |
| Tampa Bay Lightning |
15 |
6 |
9 |
1 |
3 |
31 |
|
1st period
1. Philadelphia Flyers , Jeff Skinner 16 (Cody Glass 25) at 5:16
2. Tampa Bay Lightning , Trevor Moore 9 (Michael Matheson 21, Ben Chiarot 7) at 10:23
Penalties :
No Penalty
2nd period
3. Philadelphia Flyers , Brandon Duhaime 8 (Cody Glass 26) at 6:02
4. Tampa Bay Lightning , Kirill Kaprizov 25 (Ben Chiarot 8) at 18:47
Penalties :
Filip Forsberg (TBL) for High sticking (Minor) at 0:27, Jonathan Huberdeau (TBL) for Delaying the game (Minor) at 6:15, Ben Chiarot (TBL) for Holding Stick (Minor) at 11:38
3rd period
No Goal
Penalties :
Juuso Parssinen (PHI) for Slashing (Minor) at 2:34, Miles Wood (PHI) for High sticking (Minor) at 5:25, Casey Cizikas (PHI) for Interference (Minor) at 14:45
Overtime #1
No Goal
Penalties :
No Penalty
Shootout
Philadelphia Flyers, Thomas Novak - Stopped by Darcy Kuemper
Tampa Bay Lightning, Trevor Moore - Stopped by Jake Allen
Philadelphia Flyers, Jeff Skinner - Shot Misses the Net
Tampa Bay Lightning, Filip Forsberg - Stopped by Jake Allen
Philadelphia Flyers, Marcus Johansson - Goal!
Tampa Bay Lightning, Kirill Kaprizov - Shot Misses the Net
Penalties :
No Penalty
Goalie Stats
Jake Allen (PHI), 29 saves from 31 shots - (0.935), W, 17-15-2, 65:00 minutes
Darcy Kuemper (TBL), 30 saves from 32 shots - (0.938), OTL, 17-9-3, 65:00 minutes
Players Stats for Philadelphia Flyers
Player Name G A P +/- PIM S H SB GA TA FO MP PP MP PK MP
------------------------------------------------------------------------------------
Brandon Duhaime 1 0 1 2 0 8 3 1 0 0 1/3 14:16 0:00 2:42
Casey Cizikas 0 0 0 -2 2 2 1 0 0 0 0/0 13:39 0:07 0:27
Cody Glass 0 2 2 2 0 2 1 0 0 0 4/9 17:00 3:02 0:00
Colton Sissons 0 0 0 0 0 3 3 0 3 0 6/18 20:07 3:02 2:42
J.J. Moser 0 0 0 0 0 0 1 1 0 0 0/0 18:54 0:00 0:00
Jack McBain 0 0 0 -2 0 1 0 0 3 0 0/0 14:46 0:00 2:48
Jeff Skinner 1 0 1 2 0 5 1 0 0 0 1/3 17:25 3:02 0:00
Joel Edmundson 0 0 0 -1 0 0 2 1 0 1 0/0 24:14 2:49 2:53
Juuso Parssinen 0 0 0 0 2 2 2 0 0 0 0/1 13:35 0:07 0:07
Louis Crevier 0 0 0 1 0 0 2 1 0 0 0/0 20:11 3:08 3:04
Luca Del Bel Belluz 0 0 0 -2 0 0 1 0 0 0 3/5 14:13 2:48 0:00
Marcus Johansson 0 0 0 0 0 2 0 1 1 0 1/3 16:52 2:55 0:00
Miles Wood 0 0 0 0 2 3 4 0 2 0 0/2 12:24 0:00 0:20
Nick Blankenburg 0 0 0 -1 0 2 3 1 0 0 0/0 25:16 3:08 3:04
Radek Faksa 0 0 0 0 0 0 2 0 0 0 8/10 13:55 0:00 2:48
Thomas Novak 0 0 0 0 0 0 1 1 0 0 1/1 17:22 2:48 0:00
Will Borgen 0 0 0 1 0 1 0 0 0 0 0/0 17:50 0:00 2:53
Zac Jones 0 0 0 0 0 1 2 2 0 2 0/0 22:01 2:49 0:00
Players Stats for Tampa Bay Lightning
Player Name G A P +/- PIM S H SB GA TA FO MP PP MP PK MP
------------------------------------------------------------------------------------
Anze Kopitar 0 0 0 0 0 2 1 0 0 1 9/16 20:32 2:57 3:17
Ben Chiarot 0 2 2 0 2 0 1 0 0 1 0/0 21:16 0:00 1:42
Claude Giroux 0 0 0 2 0 3 0 1 0 1 9/14 21:29 2:59 2:38
Darnell Nurse 0 0 0 0 0 1 5 1 0 0 0/0 23:36 2:54 2:35
Dmitry Orlov 0 0 0 0 0 0 0 0 0 1 0/0 22:01 2:54 3:56
Dylan Cozens 0 0 0 -1 0 2 1 0 0 0 1/1 14:00 0:00 0:00
Filip Forsberg 0 0 0 0 2 3 2 0 0 0 0/1 17:35 2:59 0:00
Gustav Nyquist 0 0 0 -1 0 2 1 0 0 1 0/0 10:02 0:00 0:02
Hampus Lindholm 0 0 0 0 0 2 1 0 0 0 0/0 14:47 0:00 0:13
Jamie Benn 0 0 0 -1 0 3 1 1 1 0 7/16 16:21 2:55 0:00
Jason Dickinson 0 0 0 -1 0 0 2 0 0 1 3/3 11:07 0:00 3:02
Jonathan Huberdeau 0 0 0 0 2 4 2 0 0 1 1/2 13:00 0:03 0:00
Justin Danforth 0 0 0 -1 0 1 1 0 0 0 0/1 7:46 0:00 0:00
Kirill Kaprizov 1 0 1 2 0 2 3 0 0 0 0/0 17:14 3:00 0:00
Michael Matheson 0 1 1 0 0 1 1 0 1 0 0/0 24:22 3:03 0:19
Moritz Seider 0 0 0 0 0 0 0 1 0 0 0/0 24:19 3:03 3:09
Travis Konecny 0 0 0 -1 0 3 3 0 1 1 0/1 18:42 2:57 0:17
Trevor Moore 1 0 1 2 0 2 2 1 0 1 0/0 15:51 0:01 2:38
3 Stars
1 - Brandon Duhaime (PHI)
2 - Kirill Kaprizov (TBL)
3 - Cody Glass (PHI)
Power Play
Philadelphia Flyers - 0 on 3 Attempt(s) - 0.00%
Tampa Bay Lightning - 0 on 3 Attempt(s) - 0.00%
Penalty Kill
Philadelphia Flyers - 3 on 3 Attempt(s) - 100.00%
- Score 0 goal in Penalty Kill
Tampa Bay Lightning - 3 on 3 Attempt(s) - 100.00%
- Score 0 goal in Penalty Kill
Team Stat
Philadelphia Flyers - Hits : 29 - Faceoff Wins : 25 - Blocked Shots : 9 - Penalty Minutes : 6
Tampa Bay Lightning - Hits : 27 - Faceoff Wins : 30 - Blocked Shots : 5 - Penalty Minutes : 6
Official
Referees : Graham Skilliter and Dan O'Rourke
Linesman : Ryan Galloway and Justin Johnson
Game Notes
No Game Note
Finance
Level 1 -- Attendance: 5494 (91.57%) -- Ticket Income $521,930
Level 2 -- Attendance: 5000 (100.00%) -- Ticket Income $275,000
Level 3 -- Attendance: 2747 (91.57%) -- Ticket Income $87,904
Level 4 -- Attendance: 5000 (100.00%) -- Ticket Income $110,000
Luxury Box -- Attendance: 1000 (100.00%) -- Ticket Income $193,000
Game was played at the Tampa Bay Times Forum.
Total Attendance: 19241 (96.21%)
Total Ticket Income: $1,187,834
Other Income: $415,742
Total Income: $1,603,576
Philadelphia Flyers
5 vs 5 Forward
Center Left Wing Right Wing Time % Phy DF OF
1 Colton Sissons Thomas Novak Marcus Johansson 25 1 2 2
2 Cody Glass Jeff Skinner Brandon Duhaime 25 1 2 2
3 Luca Del Bel Belluz Jack McBain Casey Cizikas 25 1 2 2
4 Radek Faksa Juuso Parssinen Miles Wood 25 1 2 2
5 vs 5 Defense
Defense Defense Time % Phy DF OF
1 Joel Edmundson Nick Blankenburg 35 1 2 2
2 Zac Jones J.J. Moser 35 1 2 2
3 Will Borgen Louis Crevier 30 1 2 2
4 Joel Edmundson Nick Blankenburg 0 1 2 2
PowerPlay Forward
Center Left Wing Right Wing Time % Phy DF OF
1 Luca Del Bel Belluz Thomas Novak Marcus Johansson 50 1 2 2
2 Cody Glass Jeff Skinner Colton Sissons 50 1 2 2
PowerPlay Defense
Defense Defense Time % Phy DF OF
1 Zac Jones Joel Edmundson 50 1 2 2
2 Nick Blankenburg Louis Crevier 50 1 2 2
Penalty Kill 4 Players Forward
Center Wing Time % Phy DF OF
1 Colton Sissons Brandon Duhaime 50 1 2 2
2 Radek Faksa Jack McBain 50 1 2 2
Penalty Kill 4 Players Defense
Defense Defense Time % Phy DF OF
1 Louis Crevier Nick Blankenburg 50 1 2 2
2 Will Borgen Joel Edmundson 50 1 2 2
Penalty Kill - 3 Players Forward
Forward Time % Phy DF OF
1 Colton Sissons 50 1 2 2
2 Radek Faksa 50 1 2 2
Penalty Kill - 3 Players Defense
Defense Defense Time % Phy DF OF
1 Louis Crevier Nick Blankenburg 50 1 2 2
2 Will Borgen Joel Edmundson 50 1 2 2
4 vs 4 Forward
Center Wing Time % Phy DF OF
1 Colton Sissons Thomas Novak 50 1 2 2
2 Cody Glass Jeff Skinner 50 1 2 2
4 vs 4 Defense
Defense Defense Time % Phy DF OF
1 Joel Edmundson Nick Blankenburg 50 1 2 2
2 Zac Jones J.J. Moser 50 1 2 2
Last Minutes Offensive
Center Left Wing Right Wing Defense Defense
Luca Del Bel Belluz Thomas Novak Jeff Skinner Nick Blankenburg Louis Crevier
Last Minutes Defensive
Center Left Wing Right Wing Defense Defense
Colton Sissons Brandon Duhaime Radek Faksa Louis Crevier Nick Blankenburg
Goaltenders
Starting : Jake Allen
Backup : Alexandar Georgiev
Extra Forwards
Normal : Colton Sissons, Cody Glass, Marcus Johansson - PP : Thomas Novak, Jeff Skinner - PK : Colton Sissons
Extra Defensemen
Normal : Joel Edmundson, J.J. Moser, Will Borgen - PP : Louis Crevier - PK : Zac Jones, Nick Blankenburg
Penalty Shots
Thomas Novak, Jeff Skinner, Marcus Johansson, Cody Glass, Radek Faksa
Scratches
Henri Jokiharju (Healthy), Josh Mahura (Healthy), Dylan Roobroeck (Healthy), Marcel Marcel (Healthy), Dylan Coghlan (Healthy)
Tampa Bay Lightning
5 vs 5 Forward
Center Left Wing Right Wing Time % Phy DF OF
1 Jamie Benn Travis Konecny Dylan Cozens 30 1 2 2
2 Anze Kopitar Filip Forsberg Jonathan Huberdeau 30 1 2 2
3 Claude Giroux Trevor Moore Kirill Kaprizov 30 1 2 2
4 Jason Dickinson Gustav Nyquist Justin Danforth 10 1 2 2
5 vs 5 Defense
Defense Defense Time % Phy DF OF
1 Moritz Seider Darnell Nurse 35 1 2 2
2 Michael Matheson Ben Chiarot 35 1 2 2
3 Dmitry Orlov Hampus Lindholm 30 1 2 2
4 Moritz Seider Michael Matheson 0 1 2 2
PowerPlay Forward
Center Left Wing Right Wing Time % Phy DF OF
1 Claude Giroux Kirill Kaprizov Filip Forsberg 50 1 2 2
2 Anze Kopitar Jamie Benn Travis Konecny 50 1 2 2
PowerPlay Defense
Defense Defense Time % Phy DF OF
1 Michael Matheson Moritz Seider 50 1 2 2
2 Dmitry Orlov Darnell Nurse 50 1 2 2
Penalty Kill 4 Players Forward
Center Wing Time % Phy DF OF
1 Anze Kopitar Jason Dickinson 50 1 2 2
2 Claude Giroux Trevor Moore 50 1 2 2
Penalty Kill 4 Players Defense
Defense Defense Time % Phy DF OF
1 Darnell Nurse Ben Chiarot 50 1 2 2
2 Moritz Seider Dmitry Orlov 50 1 2 2
Penalty Kill - 3 Players Forward
Forward Time % Phy DF OF
1 Anze Kopitar 50 1 2 2
2 Claude Giroux 50 1 2 2
Penalty Kill - 3 Players Defense
Defense Defense Time % Phy DF OF
1 Darnell Nurse Ben Chiarot 50 1 2 2
2 Moritz Seider Michael Matheson 50 1 2 2
4 vs 4 Forward
Center Wing Time % Phy DF OF
1 Claude Giroux Travis Konecny 50 1 2 2
2 Anze Kopitar Filip Forsberg 50 1 2 2
4 vs 4 Defense
Defense Defense Time % Phy DF OF
1 Michael Matheson Ben Chiarot 50 1 2 2
2 Moritz Seider Darnell Nurse 50 1 2 2
Last Minutes Offensive
Center Left Wing Right Wing Defense Defense
Claude Giroux Kirill Kaprizov Filip Forsberg Michael Matheson Moritz Seider
Last Minutes Defensive
Center Left Wing Right Wing Defense Defense
Anze Kopitar Travis Konecny Jason Dickinson Michael Matheson Moritz Seider
Goaltenders
Starting : Darcy Kuemper
Backup : Jeremy Swayman
Extra Forwards
Normal : Anze Kopitar, Gustav Nyquist, Claude Giroux - PP : Jonathan Huberdeau, Trevor Moore - PK : Travis Konecny
Extra Defensemen
Normal : Ben Chiarot, Moritz Seider, Darnell Nurse - PP : Moritz Seider - PK : Darnell Nurse, Dmitry Orlov
Penalty Shots
Trevor Moore, Filip Forsberg, Kirill Kaprizov, Gustav Nyquist, Jonathan Huberdeau
Scratches
Roope Hintz (Right Foot Injury)
% Time on Ice - Philadelphia Flyers
Lines # - Real PCT - Wanted PCT - Time Play
Normal Forward
1 - 27% - 25% - 12:55
2 - 26% - 25% - 12:34
3 - 24% - 25% - 11:44
4 - 23% - 25% - 10:53
Normal Defense
1 - 34% - 35% - 16:13
2 - 37% - 35% - 17:39
3 - 30% - 30% - 14:14
4 - 0% - 0% - 0:00
PP Forward
1 - 49% - 50% - 2:55
2 - 51% - 50% - 3:02
PP Defense
1 - 47% - 50% - 2:49
2 - 53% - 50% - 3:08
PK Forward
1 - 47% - 50% - 2:49
2 - 53% - 50% - 3:08
PK Defense
1 - 52% - 50% - 3:04
2 - 48% - 50% - 2:53
PK3 Forward
1 - 0% - 50%
2 - 0% - 50%
PK3 Defense
1 - 0% - 50%
2 - 0% - 50%
44 Forward
1 - 50% - 50% - 2:30
2 - 50% - 50% - 2:30
44 Defense
1 - 46% - 50% - 2:19
2 - 54% - 50% - 2:41
Last Minute Offensive - 0:00
Last Minute Defensive - 0:00
Total
Forward - 65:00
Defense - 65:00
|
% Time on Ice - Tampa Bay Lightning
Lines # - Real PCT - Wanted PCT - Time Play
Normal Forward
1 - 30% - 30% - 14:14
2 - 28% - 30% - 13:39
3 - 26% - 30% - 12:27
4 - 16% - 10% - 7:46
Normal Defense
1 - 34% - 35% - 16:10
2 - 35% - 35% - 16:56
3 - 29% - 30% - 14:02
4 - 2% - 0% - 0:58
PP Forward
1 - 50% - 50% - 3:00
2 - 50% - 50% - 2:57
PP Defense
1 - 51% - 50% - 3:03
2 - 49% - 50% - 2:54
PK Forward
1 - 55% - 50% - 3:17
2 - 45% - 50% - 2:40
PK Defense
1 - 47% - 50% - 2:48
2 - 53% - 50% - 3:09
PK3 Forward
1 - 0% - 50%
2 - 0% - 50%
PK3 Defense
1 - 0% - 50%
2 - 0% - 50%
44 Forward
1 - 50% - 50% - 2:29
2 - 50% - 50% - 2:31
44 Defense
1 - 47% - 50% - 2:22
2 - 53% - 50% - 2:38
Last Minute Offensive - 0:00
Last Minute Defensive - 0:00
Total
Forward - 65:00
Defense - 65:00
|
Play-by-Play
1st period
0:01 of 1st period - Marcus Johansson wins face-off versus Jamie Benn in neutral zone.
0:10 of 1st period - Snap shot by Marcus Johansson.
0:10 of 1st period - Stopped by Darcy Kuemper with a rebound.
0:26 of 1st period - Joel Edmundson is hit by Darnell Nurse and loses puck.
0:39 of 1st period - Wrist shot by Anze Kopitar.
0:39 of 1st period - Shot Misses the Net.
2:09 of 1st period - Snap shot by Gustav Nyquist.
2:09 of 1st period - Shot Hit the Post.
2:11 of 1st period - Slapshot by Hampus Lindholm.
2:11 of 1st period - Deflect By J.J. Moser.
2:11 of 1st period - Stopped by Jake Allen with a rebound.
2:13 of 1st period - Snap shot by Gustav Nyquist.
2:13 of 1st period - Shot Misses the Net.
2:23 of 1st period - Snap shot by Gustav Nyquist.
2:23 of 1st period - Stopped by Jake Allen without a rebound.
2:24 of 1st period - Radek Faksa wins face-off versus Anze Kopitar in Philadelphia Flyers zone.
2:29 of 1st period - Darnell Nurse is hit by Radek Faksa.
2:41 of 1st period - Snap shot by Filip Forsberg.
2:41 of 1st period - Shot Misses the Net.
3:00 of 1st period - Snap shot by Anze Kopitar.
3:00 of 1st period - Shot Hit the Post.
3:02 of 1st period - Wrist shot by Darnell Nurse.
3:02 of 1st period - Stopped by Jake Allen with a rebound.
3:04 of 1st period - Snap shot by Jonathan Huberdeau.
3:04 of 1st period - Deflect By Anze Kopitar.
3:04 of 1st period - Shot Misses the Net.
3:04 of 1st period - Puck is out of play.
3:05 of 1st period - Claude Giroux wins face-off versus Colton Sissons in Philadelphia Flyers zone.
4:26 of 1st period - Snap shot by Kirill Kaprizov.
4:26 of 1st period - Stopped by Jake Allen with a rebound.
4:28 of 1st period - Snap shot by Travis Konecny.
4:28 of 1st period - Stopped by Jake Allen with a rebound.
4:30 of 1st period - Wrist shot by Travis Konecny.
4:30 of 1st period - Shot Misses the Net.
4:32 of 1st period - Wrist shot by Jamie Benn.
4:32 of 1st period - Shot Misses the Net.
4:44 of 1st period - Hampus Lindholm is hit by Colton Sissons and loses puck.
5:08 of 1st period - Wrist shot by Justin Danforth.
5:08 of 1st period - Stopped by Jake Allen without a rebound.
5:09 of 1st period - Cody Glass wins face-off versus Justin Danforth in Philadelphia Flyers zone.
5:16 of 1st period - Slapshot by Jeff Skinner.
5:16 of 1st period - Goal by Jeff Skinner - Philadelphia Flyers : 1 - Tampa Bay Lightning : 0.
5:17 of 1st period - Luca Del Bel Belluz wins face-off versus Jamie Benn in neutral zone.
5:54 of 1st period - Wrist shot by Kirill Kaprizov.
5:54 of 1st period - Shot Misses the Net.
6:04 of 1st period - Slapshot by Jonathan Huberdeau.
6:04 of 1st period - Shot Blocked by Brandon Duhaime.
6:10 of 1st period - Snap shot by Filip Forsberg.
6:10 of 1st period - Shot Misses the Net.
6:28 of 1st period - Colton Sissons is hit by Dylan Cozens and loses puck.
6:50 of 1st period - Off-side.
6:51 of 1st period - Luca Del Bel Belluz wins face-off versus Claude Giroux in neutral zone.
7:04 of 1st period - Snap shot by Jack McBain.
7:04 of 1st period - Stopped by Darcy Kuemper with a rebound.
7:49 of 1st period - Snap shot by Luca Del Bel Belluz.
7:49 of 1st period - Shot Blocked by Claude Giroux.
8:19 of 1st period - Wrist shot by Claude Giroux.
8:19 of 1st period - Stopped by Jake Allen with a rebound.
9:23 of 1st period - Wrist shot by Jack McBain.
9:23 of 1st period - Shot Misses the Net.
9:25 of 1st period - Backhand shot by Casey Cizikas.
9:25 of 1st period - Stopped by Darcy Kuemper with a rebound.
10:15 of 1st period - Snap shot by Claude Giroux.
10:15 of 1st period - Shot Blocked by Zac Jones.
10:17 of 1st period - Slapshot by Ben Chiarot.
10:17 of 1st period - Shot Blocked by Zac Jones.
10:19 of 1st period - Slapshot by Michael Matheson.
10:19 of 1st period - Shot Misses the Net.
10:21 of 1st period - Wrist shot by Trevor Moore.
10:21 of 1st period - Shot Misses the Net.
10:23 of 1st period - Snap shot by Trevor Moore.
10:23 of 1st period - Goal by Trevor Moore - Philadelphia Flyers : 1 - Tampa Bay Lightning : 1.
10:24 of 1st period - Radek Faksa wins face-off versus Jamie Benn in neutral zone.
10:31 of 1st period - Slapshot by Miles Wood.
10:31 of 1st period - Shot Misses the Net.
11:12 of 1st period - Hampus Lindholm is hit by Colton Sissons and loses puck.
13:01 of 1st period - Hampus Lindholm is hit by Miles Wood and loses puck.
13:42 of 1st period - Icing by Travis Konecny.
13:43 of 1st period - Jason Dickinson wins face-off versus Radek Faksa in Tampa Bay Lightning zone.
14:03 of 1st period - Icing by Jason Dickinson.
14:04 of 1st period - Jamie Benn wins face-off versus Colton Sissons in Tampa Bay Lightning zone.
14:06 of 1st period - Icing by Travis Konecny.
14:07 of 1st period - Jamie Benn wins face-off versus Colton Sissons in Tampa Bay Lightning zone.
14:14 of 1st period - Snap shot by Jamie Benn.
14:14 of 1st period - Shot Misses the Net.
14:16 of 1st period - Wrist shot by Jamie Benn.
14:16 of 1st period - Stopped by Jake Allen without a rebound.
14:17 of 1st period - Jamie Benn wins face-off versus Cody Glass in Philadelphia Flyers zone.
14:20 of 1st period - Slapshot by Jamie Benn.
14:20 of 1st period - Stopped by Jake Allen with a rebound.
14:28 of 1st period - Wrist shot by Brandon Duhaime.
14:28 of 1st period - Stopped by Darcy Kuemper with a rebound.
14:42 of 1st period - Marcus Johansson is hit by Jonathan Huberdeau and loses puck.
14:47 of 1st period - Wrist shot by Jonathan Huberdeau.
14:47 of 1st period - Stopped by Jake Allen without a rebound.
14:48 of 1st period - Anze Kopitar wins face-off versus Juuso Parssinen in Philadelphia Flyers zone.
14:49 of 1st period - Snap shot by Filip Forsberg.
14:49 of 1st period - Stopped by Jake Allen with a rebound.
15:01 of 1st period - Slapshot by Miles Wood.
15:01 of 1st period - Shot Misses the Net.
15:03 of 1st period - Wrist shot by Juuso Parssinen.
15:03 of 1st period - Stopped by Darcy Kuemper without a rebound.
15:04 of 1st period - Brandon Duhaime wins face-off versus Jamie Benn in Tampa Bay Lightning zone.
15:42 of 1st period - Snap shot by Jonathan Huberdeau.
15:42 of 1st period - Stopped by Jake Allen without a rebound.
15:43 of 1st period - Cody Glass wins face-off versus Jamie Benn in Philadelphia Flyers zone.
16:17 of 1st period - Wrist shot by Miles Wood.
16:17 of 1st period - Stopped by Darcy Kuemper with a rebound.
16:21 of 1st period - Snap shot by Miles Wood.
16:21 of 1st period - Stopped by Darcy Kuemper without a rebound.
16:22 of 1st period - Colton Sissons wins face-off versus Filip Forsberg in Tampa Bay Lightning zone.
16:48 of 1st period - Miles Wood is hit by Jamie Benn and loses puck.
17:08 of 1st period - Cody Glass is hit by Darnell Nurse and loses puck.
17:33 of 1st period - Wrist shot by Casey Cizikas.
17:33 of 1st period - Shot Misses the Net.
17:35 of 1st period - Slapshot by Will Borgen.
17:35 of 1st period - Shot Misses the Net.
17:37 of 1st period - Snap shot by Will Borgen.
17:37 of 1st period - Shot Misses the Net.
17:39 of 1st period - Wrist shot by Will Borgen.
17:39 of 1st period - Shot Misses the Net.
17:56 of 1st period - Snap shot by Jonathan Huberdeau.
17:56 of 1st period - Shot Misses the Net.
17:58 of 1st period - Slapshot by Hampus Lindholm.
17:58 of 1st period - Shot Blocked by Thomas Novak.
18:00 of 1st period - Snap shot by Jonathan Huberdeau.
18:00 of 1st period - Shot Misses the Net.
18:36 of 1st period - Wrist shot by Jeff Skinner.
18:36 of 1st period - Stopped by Darcy Kuemper with a rebound.
18:38 of 1st period - Slapshot by Jeff Skinner.
18:38 of 1st period - Shot Misses the Net.
18:40 of 1st period - Snap shot by Jeff Skinner.
18:40 of 1st period - Shot Blocked by Moritz Seider.
19:44 of 1st period - Snap shot by Jamie Benn.
19:44 of 1st period - Stopped by Jake Allen without a rebound.
19:45 of 1st period - Anze Kopitar wins face-off versus Radek Faksa in Philadelphia Flyers zone.
19:48 of 1st period - Wrist shot by Jonathan Huberdeau.
19:48 of 1st period - Stopped by Jake Allen with a rebound.
Goals for this period are 1 for Philadelphia Flyers vs 1 for Tampa Bay Lightning.
Shots for this period are 9 for Philadelphia Flyers vs 15 for Tampa Bay Lightning.
2nd period
0:01 of 2nd period - Cody Glass wins face-off versus Jamie Benn in neutral zone.
0:04 of 2nd period - Snap shot by Brandon Duhaime.
0:04 of 2nd period - Deflect By Jeff Skinner.
0:04 of 2nd period - Shot Misses the Net.
0:04 of 2nd period - Puck is out of play.
0:05 of 2nd period - Cody Glass wins face-off versus Travis Konecny in Tampa Bay Lightning zone.
0:08 of 2nd period - Snap shot by Jeff Skinner.
0:08 of 2nd period - Stopped by Darcy Kuemper with a rebound.
0:12 of 2nd period - Snap shot by Jeff Skinner.
0:12 of 2nd period - Shot Misses the Net.
0:14 of 2nd period - Wrist shot by Brandon Duhaime.
0:14 of 2nd period - Stopped by Darcy Kuemper with a rebound.
0:16 of 2nd period - Slapshot by Joel Edmundson.
0:16 of 2nd period - Shot Blocked by Jamie Benn.
0:18 of 2nd period - Backhand shot by Cody Glass.
0:18 of 2nd period - Stopped by Darcy Kuemper without a rebound.
0:19 of 2nd period - Radek Faksa wins face-off versus Anze Kopitar in Tampa Bay Lightning zone.
0:27 of 2nd period - Minor Penalty to Filip Forsberg for High sticking.
0:28 of 2nd period - Anze Kopitar wins face-off versus Marcus Johansson in Tampa Bay Lightning zone.
0:46 of 2nd period - Snap shot by Claude Giroux.
0:46 of 2nd period - Stopped by Jake Allen without a rebound.
0:47 of 2nd period - Anze Kopitar wins face-off versus Cody Glass in Philadelphia Flyers zone.
1:43 of 2nd period - Ben Chiarot is hit by Zac Jones and loses puck.
2:27 of 2nd period - Penalty to Filip Forsberg is over, Filip Forsberg is back on ice.
2:36 of 2nd period - Snap shot by Miles Wood.
2:36 of 2nd period - Stopped by Darcy Kuemper without a rebound.
2:37 of 2nd period - Dylan Cozens wins face-off versus Miles Wood in Tampa Bay Lightning zone.
3:22 of 2nd period - Joel Edmundson is hit by Justin Danforth and loses puck.
3:41 of 2nd period - Claude Giroux is hit by Miles Wood and loses puck.
3:58 of 2nd period - Backhand shot by Luca Del Bel Belluz.
3:58 of 2nd period - Shot Blocked by Trevor Moore.
4:18 of 2nd period - Snap shot by Trevor Moore.
4:18 of 2nd period - Shot Misses the Net.
4:20 of 2nd period - Snap shot by Kirill Kaprizov.
4:20 of 2nd period - Deflect By Casey Cizikas.
4:20 of 2nd period - Shot Blocked by Louis Crevier.
4:20 of 2nd period - Puck is out of play.
4:21 of 2nd period - Jamie Benn wins face-off versus Brandon Duhaime in Philadelphia Flyers zone.
4:28 of 2nd period - Snap shot by Jeff Skinner.
4:28 of 2nd period - Shot Misses the Net.
4:30 of 2nd period - Wrist shot by Jeff Skinner.
4:30 of 2nd period - Shot Misses the Net.
4:32 of 2nd period - Slapshot by Jeff Skinner.
4:32 of 2nd period - Deflect By Brandon Duhaime.
4:32 of 2nd period - Stopped by Darcy Kuemper without a rebound.
4:33 of 2nd period - Jamie Benn wins face-off versus Jeff Skinner in Tampa Bay Lightning zone.
4:53 of 2nd period - Ben Chiarot is hit by Nick Blankenburg and loses puck.
5:16 of 2nd period - Colton Sissons is hit by Darnell Nurse and loses puck.
5:26 of 2nd period - Off-side.
5:27 of 2nd period - Radek Faksa wins face-off versus Claude Giroux in neutral zone.
5:38 of 2nd period - J.J. Moser is hit by Ben Chiarot and loses puck.
6:02 of 2nd period - Slapshot by Brandon Duhaime.
6:02 of 2nd period - Goal by Brandon Duhaime - Philadelphia Flyers : 2 - Tampa Bay Lightning : 1.
6:03 of 2nd period - Jonathan Huberdeau wins face-off versus Colton Sissons in neutral zone.
6:15 of 2nd period - Minor Penalty to Jonathan Huberdeau for Delaying the game.
6:16 of 2nd period - Jeff Skinner wins face-off versus Anze Kopitar in Tampa Bay Lightning zone.
6:28 of 2nd period - Wrist shot by Jeff Skinner.
6:28 of 2nd period - Shot Misses the Net.
6:30 of 2nd period - Snap shot by Colton Sissons.
6:30 of 2nd period - Stopped by Darcy Kuemper with a rebound.
7:31 of 2nd period - Louis Crevier is hit by Jason Dickinson and loses puck.
8:15 of 2nd period - Penalty to Jonathan Huberdeau is over, Jonathan Huberdeau is back on ice.
9:25 of 2nd period - Dmitry Orlov is hit by Thomas Novak and loses puck.
9:41 of 2nd period - Icing by J.J. Moser.
9:42 of 2nd period - Radek Faksa wins face-off versus Jamie Benn in Philadelphia Flyers zone.
9:42 of 2nd period - Radek Faksa is hit by Travis Konecny.
10:10 of 2nd period - Snap shot by Brandon Duhaime.
10:10 of 2nd period - Stopped by Darcy Kuemper without a rebound.
10:11 of 2nd period - Claude Giroux wins face-off versus Cody Glass in Tampa Bay Lightning zone.
10:36 of 2nd period - Claude Giroux is hit by Brandon Duhaime and loses puck.
10:41 of 2nd period - Slapshot by Jeff Skinner.
10:41 of 2nd period - Stopped by Darcy Kuemper without a rebound.
10:42 of 2nd period - Anze Kopitar wins face-off versus Colton Sissons in Tampa Bay Lightning zone.
10:56 of 2nd period - Slapshot by Thomas Novak.
10:56 of 2nd period - Shot Misses the Net.
11:27 of 2nd period - Icing by Juuso Parssinen.
11:28 of 2nd period - Claude Giroux wins face-off versus Luca Del Bel Belluz in Philadelphia Flyers zone.
11:38 of 2nd period - Minor Penalty to Ben Chiarot for Holding Stick.
11:39 of 2nd period - Claude Giroux wins face-off versus Jeff Skinner in Tampa Bay Lightning zone.
11:49 of 2nd period - Darnell Nurse is hit by Nick Blankenburg and loses puck.
12:10 of 2nd period - Snap shot by Claude Giroux.
12:10 of 2nd period - Stopped by Jake Allen with a rebound.
12:32 of 2nd period - Backhand shot by Marcus Johansson.
12:32 of 2nd period - Stopped by Darcy Kuemper without a rebound.
12:33 of 2nd period - Claude Giroux wins face-off versus Cody Glass in Tampa Bay Lightning zone.
12:38 of 2nd period - Wrist shot by Claude Giroux.
12:38 of 2nd period - Deflect By Trevor Moore.
12:38 of 2nd period - Shot Misses the Net.
12:38 of 2nd period - Puck is out of play.
12:39 of 2nd period - Claude Giroux wins face-off versus Cody Glass in Philadelphia Flyers zone.
12:40 of 2nd period - Snap shot by Trevor Moore.
12:40 of 2nd period - Stopped by Jake Allen without a rebound.
12:41 of 2nd period - Anze Kopitar wins face-off versus Luca Del Bel Belluz in Philadelphia Flyers zone.
13:38 of 2nd period - Penalty to Ben Chiarot is over, Ben Chiarot is back on ice.
13:44 of 2nd period - Michael Matheson is hit by Louis Crevier and loses puck.
13:53 of 2nd period - Snap shot by Juuso Parssinen.
13:53 of 2nd period - Stopped by Darcy Kuemper with a rebound.
14:58 of 2nd period - Slapshot by Will Borgen.
14:58 of 2nd period - Stopped by Darcy Kuemper with a rebound.
15:55 of 2nd period - Dylan Cozens is hit by Joel Edmundson and loses puck.
16:08 of 2nd period - J.J. Moser is hit by Darnell Nurse and loses puck.
16:23 of 2nd period - Claude Giroux is hit by Miles Wood and loses puck.
16:44 of 2nd period - Jason Dickinson is hit by Joel Edmundson.
16:53 of 2nd period - Michael Matheson is hit by Brandon Duhaime and loses puck.
17:34 of 2nd period - Filip Forsberg is hit by Casey Cizikas and loses puck.
18:14 of 2nd period - Dmitry Orlov is hit by Luca Del Bel Belluz and loses puck.
18:40 of 2nd period - Luca Del Bel Belluz is hit by Kirill Kaprizov and loses puck.
18:47 of 2nd period - Wrist shot by Kirill Kaprizov.
18:47 of 2nd period - Goal by Kirill Kaprizov - Philadelphia Flyers : 2 - Tampa Bay Lightning : 2.
18:48 of 2nd period - Anze Kopitar wins face-off versus Colton Sissons in neutral zone.
19:03 of 2nd period - Snap shot by Anze Kopitar.
19:03 of 2nd period - Stopped by Jake Allen with a rebound.
19:05 of 2nd period - Snap shot by Michael Matheson.
19:05 of 2nd period - Stopped by Jake Allen with a rebound.
19:17 of 2nd period - Wrist shot by Cody Glass.
19:17 of 2nd period - Stopped by Darcy Kuemper with a rebound.
19:19 of 2nd period - Slapshot by Brandon Duhaime.
19:19 of 2nd period - Stopped by Darcy Kuemper with a rebound.
Goals for this period are 1 for Philadelphia Flyers vs 1 for Tampa Bay Lightning.
Shots for this period are 14 for Philadelphia Flyers vs 6 for Tampa Bay Lightning.
3rd period
0:01 of 3rd period - Anze Kopitar wins face-off versus Colton Sissons in neutral zone.
0:32 of 3rd period - Snap shot by Jeff Skinner.
0:32 of 3rd period - Shot Misses the Net.
0:34 of 3rd period - Snap shot by Brandon Duhaime.
0:34 of 3rd period - Stopped by Darcy Kuemper with a rebound.
0:36 of 3rd period - Snap shot by J.J. Moser.
0:36 of 3rd period - Shot Blocked by Darnell Nurse.
0:38 of 3rd period - Snap shot by Jeff Skinner.
0:38 of 3rd period - Stopped by Darcy Kuemper with a rebound.
0:40 of 3rd period - Wrist shot by Cody Glass.
0:40 of 3rd period - Shot Misses the Net.
0:44 of 3rd period - Snap shot by Brandon Duhaime.
0:44 of 3rd period - Stopped by Darcy Kuemper without a rebound.
0:45 of 3rd period - Claude Giroux wins face-off versus Miles Wood in Tampa Bay Lightning zone.
0:45 of 3rd period - Claude Giroux is hit by Juuso Parssinen.
1:34 of 3rd period - Snap shot by Travis Konecny.
1:34 of 3rd period - Stopped by Jake Allen without a rebound.
1:35 of 3rd period - Thomas Novak wins face-off versus Anze Kopitar in Philadelphia Flyers zone.
1:42 of 3rd period - Wrist shot by Thomas Novak.
1:42 of 3rd period - Shot Misses the Net.
1:44 of 3rd period - Snap shot by Marcus Johansson.
1:44 of 3rd period - Shot Misses the Net.
1:50 of 3rd period - Slapshot by Colton Sissons.
1:50 of 3rd period - Stopped by Darcy Kuemper with a rebound.
2:05 of 3rd period - Brandon Duhaime is hit by Kirill Kaprizov and loses puck.
2:34 of 3rd period - Minor Penalty to Juuso Parssinen for Slashing.
2:35 of 3rd period - Claude Giroux wins face-off versus Brandon Duhaime in Philadelphia Flyers zone.
3:01 of 3rd period - Nick Blankenburg is hit by Travis Konecny.
3:43 of 3rd period - Will Borgen is hit by Darnell Nurse.
4:19 of 3rd period - Dmitry Orlov is hit by Louis Crevier and loses puck.
4:26 of 3rd period - Wrist shot by Miles Wood.
4:26 of 3rd period - Shot Misses the Net.
4:34 of 3rd period - Penalty to Juuso Parssinen is over, Juuso Parssinen is back on ice.
4:46 of 3rd period - Slapshot by Zac Jones.
4:46 of 3rd period - Stopped by Darcy Kuemper without a rebound.
4:47 of 3rd period - Jason Dickinson wins face-off versus Colton Sissons in Tampa Bay Lightning zone.
5:06 of 3rd period - J.J. Moser is hit by Trevor Moore and loses puck.
5:16 of 3rd period - Zac Jones is hit by Hampus Lindholm and loses puck.
5:25 of 3rd period - Minor Penalty to Miles Wood for High sticking.
5:26 of 3rd period - Anze Kopitar wins face-off versus Colton Sissons in Philadelphia Flyers zone.
5:43 of 3rd period - Wrist shot by Travis Konecny.
5:43 of 3rd period - Shot Blocked by Joel Edmundson.
7:25 of 3rd period - Penalty to Miles Wood is over, Miles Wood is back on ice.
7:31 of 3rd period - Snap shot by Gustav Nyquist.
7:31 of 3rd period - Stopped by Jake Allen without a rebound.
7:32 of 3rd period - Jason Dickinson wins face-off versus Colton Sissons in Philadelphia Flyers zone.
7:33 of 3rd period - Slapshot by Michael Matheson.
7:33 of 3rd period - Shot Blocked by J.J. Moser.
7:39 of 3rd period - Justin Danforth is hit by Zac Jones and loses puck.
7:52 of 3rd period - Travis Konecny is hit by Brandon Duhaime and loses puck.
8:17 of 3rd period - Darnell Nurse is hit by Nick Blankenburg and loses puck.
8:54 of 3rd period - Slapshot by Hampus Lindholm.
8:54 of 3rd period - Stopped by Jake Allen with a rebound.
9:00 of 3rd period - Dylan Cozens is hit by Cody Glass.
9:10 of 3rd period - Will Borgen is hit by Anze Kopitar and loses puck.
10:06 of 3rd period - Darnell Nurse is hit by Jeff Skinner and loses puck.
10:19 of 3rd period - Michael Matheson is hit by Radek Faksa and loses puck.
10:28 of 3rd period - Slapshot by Kirill Kaprizov.
10:28 of 3rd period - Shot Misses the Net.
10:38 of 3rd period - Miles Wood is hit by Jonathan Huberdeau and loses puck.
10:45 of 3rd period - Slapshot by Jonathan Huberdeau.
10:45 of 3rd period - Stopped by Jake Allen with a rebound.
10:47 of 3rd period - Slapshot by Anze Kopitar.
10:47 of 3rd period - Shot Misses the Net.
11:22 of 3rd period - Louis Crevier is hit by Michael Matheson and loses puck.
11:39 of 3rd period - Brandon Duhaime is hit by Trevor Moore.
11:59 of 3rd period - Slapshot by Anze Kopitar.
11:59 of 3rd period - Stopped by Jake Allen without a rebound.
12:00 of 3rd period - Luca Del Bel Belluz wins face-off versus Jonathan Huberdeau in Philadelphia Flyers zone.
12:15 of 3rd period - Slapshot by Jack McBain.
12:15 of 3rd period - Deflect By Casey Cizikas.
12:15 of 3rd period - Stopped by Darcy Kuemper without a rebound.
12:16 of 3rd period - Jamie Benn wins face-off versus Colton Sissons in Tampa Bay Lightning zone.
12:23 of 3rd period - Snap shot by Colton Sissons.
12:23 of 3rd period - Shot Misses the Net.
12:25 of 3rd period - Slapshot by Nick Blankenburg.
12:25 of 3rd period - Deflect By Travis Konecny.
12:25 of 3rd period - Stopped by Darcy Kuemper without a rebound.
12:26 of 3rd period - Colton Sissons wins face-off versus Jamie Benn in Tampa Bay Lightning zone.
12:29 of 3rd period - Wrist shot by Colton Sissons.
12:29 of 3rd period - Stopped by Darcy Kuemper without a rebound.
12:30 of 3rd period - Radek Faksa wins face-off versus Anze Kopitar in Tampa Bay Lightning zone.
12:31 of 3rd period - Wrist shot by Miles Wood.
12:31 of 3rd period - Deflect By Radek Faksa.
12:31 of 3rd period - Shot Misses the Net.
12:31 of 3rd period - Puck is out of play.
12:32 of 3rd period - Radek Faksa wins face-off versus Anze Kopitar in Tampa Bay Lightning zone.
12:37 of 3rd period - Slapshot by Nick Blankenburg.
12:37 of 3rd period - Stopped by Darcy Kuemper with a rebound.
12:49 of 3rd period - Slapshot by Filip Forsberg.
12:49 of 3rd period - Stopped by Jake Allen without a rebound.
12:50 of 3rd period - Jamie Benn wins face-off versus Colton Sissons in Philadelphia Flyers zone.
12:53 of 3rd period - Slapshot by Michael Matheson.
12:53 of 3rd period - Shot Blocked by Marcus Johansson.
12:55 of 3rd period - Wrist shot by Dylan Cozens.
12:55 of 3rd period - Stopped by Jake Allen with a rebound.
12:57 of 3rd period - Snap shot by Dylan Cozens.
12:57 of 3rd period - Shot Blocked by Nick Blankenburg.
12:59 of 3rd period - Slapshot by Ben Chiarot.
12:59 of 3rd period - Deflect By Dylan Cozens.
12:59 of 3rd period - Shot Misses the Net.
12:59 of 3rd period - Puck is out of play.
13:00 of 3rd period - Colton Sissons wins face-off versus Jamie Benn in Philadelphia Flyers zone.
13:00 of 3rd period - Colton Sissons is hit by Travis Konecny.
13:38 of 3rd period - Wrist shot by Dylan Cozens.
13:38 of 3rd period - Stopped by Jake Allen with a rebound.
13:40 of 3rd period - Slapshot by Michael Matheson.
13:40 of 3rd period - Deflect By Travis Konecny.
13:40 of 3rd period - Stopped by Jake Allen without a rebound.
13:41 of 3rd period - Radek Faksa wins face-off versus Anze Kopitar in Philadelphia Flyers zone.
13:52 of 3rd period - Snap shot by Miles Wood.
13:52 of 3rd period - Shot Misses the Net.
14:34 of 3rd period - Zac Jones is hit by Jason Dickinson and loses puck.
14:45 of 3rd period - Minor Penalty to Casey Cizikas for Interference.
14:46 of 3rd period - Colton Sissons wins face-off versus Claude Giroux in Philadelphia Flyers zone.
16:45 of 3rd period - Penalty to Casey Cizikas is over, Casey Cizikas is back on ice.
16:50 of 3rd period - Jeff Skinner is hit by Kirill Kaprizov and loses puck.
17:43 of 3rd period - Marcus Johansson is hit by Gustav Nyquist and loses puck.
18:06 of 3rd period - Ben Chiarot is hit by Miles Wood and loses puck.
19:07 of 3rd period - Darnell Nurse is hit by J.J. Moser and loses puck.
19:43 of 3rd period - Icing by Miles Wood.
19:44 of 3rd period - Colton Sissons wins face-off versus Claude Giroux in Philadelphia Flyers zone.
19:44 of 3rd period - Colton Sissons is hit by Filip Forsberg.
Goals for this period are 0 for Philadelphia Flyers vs 0 for Tampa Bay Lightning.
Shots for this period are 9 for Philadelphia Flyers vs 9 for Tampa Bay Lightning.
Overtime #1
0:01 of 1st overtime period - Colton Sissons wins face-off versus Claude Giroux in neutral zone.
0:12 of 1st overtime period - Wrist shot by Claude Giroux.
0:12 of 1st overtime period - Shot Misses the Net.
0:33 of 1st overtime period - Snap shot by Filip Forsberg.
0:33 of 1st overtime period - Stopped by Jake Allen with a rebound.
1:19 of 1st overtime period - Joel Edmundson is hit by Filip Forsberg and loses puck.
2:57 of 1st overtime period - Kirill Kaprizov is hit by Juuso Parssinen and loses puck.
4:30 of 1st overtime period - Icing by Marcus Johansson.
4:31 of 1st overtime period - Claude Giroux wins face-off versus Marcus Johansson in Philadelphia Flyers zone.
4:46 of 1st overtime period - Darnell Nurse is hit by Colton Sissons.
Goals for this period are 0 for Philadelphia Flyers vs 0 for Tampa Bay Lightning.
Shots for this period are 0 for Philadelphia Flyers vs 1 for Tampa Bay Lightning.
ShootOut
5:00 of 1st overtime period - Round #1.
5:00 of 1st overtime period - Philadelphia Flyers, Thomas Novak.
5:00 of 1st overtime period - Snap shot by Thomas Novak.
5:00 of 1st overtime period - Stopped by Darcy Kuemper.
5:00 of 1st overtime period - Tampa Bay Lightning, Trevor Moore.
5:00 of 1st overtime period - Wrist shot by Trevor Moore.
5:00 of 1st overtime period - Stopped by Jake Allen.
5:00 of 1st overtime period - Round #2.
5:00 of 1st overtime period - Philadelphia Flyers, Jeff Skinner.
5:00 of 1st overtime period - Deke by Jeff Skinner.
5:00 of 1st overtime period - Shot Misses the Net.
5:00 of 1st overtime period - Tampa Bay Lightning, Filip Forsberg.
5:00 of 1st overtime period - Wrist shot by Filip Forsberg.
5:00 of 1st overtime period - Stopped by Jake Allen.
5:00 of 1st overtime period - Round #3.
5:00 of 1st overtime period - Philadelphia Flyers, Marcus Johansson.
5:00 of 1st overtime period - Deke by Marcus Johansson.
5:00 of 1st overtime period - Goal by Marcus Johansson.
5:00 of 1st overtime period - Tampa Bay Lightning, Kirill Kaprizov.
5:00 of 1st overtime period - Snap shot by Kirill Kaprizov.
5:00 of 1st overtime period - Shot Misses the Net.
Back to the Top